 Dungeon Crawl Stone Soup version 0.27.1 (webtiles) character file.

Game seed: 7653486430215447180

1003 pkoi the Grappler (level 8, -3/75 HPs)
             Began as a Troll Fighter on Aug 23, 2021.
             Slain by Menkaure (23 damage)
             ... on level 5 of the Dungeon.
             The game lasted 00:05:11 (3781 turns).

pkoi the Grappler (Troll Fighter)                   Turns: 3781, Time: 00:05:11

Health: -3/75      AC:  4    Str: 25    XL:     8   Next: 0%
Magic:  7/7        EV:  8    Int:  9    God:
Gold:   161        SH:  9    Dex:  9    Spells: 7/7 levels left

rFire    . . .     SeeInvis +     - Unarmed
rCold    . . .     Faith    .   b - +0 kite shield
rNeg     . . .     Spirit   .   a - +0 robe
rPois    .         Reflect  .   (helmet restricted)
rElec    .         Harm     .   (no cloak)
rCorr    .         Rampage  .   (gloves unavailable)
Will     .....                  (boots unavailable)
Stlth    +.........             (no amulet)
HPRegen  1.22/turn              g - ring of see invisible
MPRegen  0.10/turn              l - ring "Zimennae" {Fly Int+3 Slay+2}

@: flying
A: large, unfitting armour, claws 3, regeneration 1, shaggy fur 1, tough skin 1
a: no special abilities


You were on level 5 of the Dungeon.
You visited 1 branch of the dungeon, and saw 5 of its levels.
You also visited: Ossuary.

You collected 161 gold pieces.

Inventory:

Missiles
 j - 16 poisoned darts (quivered)
 m - 8 javelins
Armour
 a - a +0 robe (worn)
 b - a +0 kite shield (worn)
Jewellery
 e - an amulet of guardian spirit
 g - a ring of see invisible (left claw)
 l - the ring "Zimennae" (right claw) {Fly Int+3 Slay+2}
   (You found it on level 5 of the Dungeon)

   [ring of flight]

   Int:       It affects your intelligence (+3).
   Slay:      It affects your accuracy & damage with ranged weapons and melee
   (+2).
   Fly:       It grants you flight.
Scrolls
 n - a scroll of fear {unknown}
 p - a scroll of brand weapon {unknown}
 r - a scroll of fog
 s - a scroll of enchant armour {unknown}
 t - a scroll of magic mapping {unknown}
Potions
 c - 2 potions of might
 d - a potion of attraction
 f - a potion of berserk rage {unknown}
 h - 2 potions of brilliance
 i - a potion of haste
 k - 2 potions of lignification {unknown}
 o - a potion of ambrosia {unknown}
 q - 2 potions of invisibility {unknown}
 u - a potion of magic {unknown}
 v - a potion of heal wounds {unknown}
 w - a potion of curing


   Skills:
 + Level 3.2 Fighting
 + Level 3.2 Dodging
 + Level 3.2 Shields
 + Level 8.3 Unarmed Combat


You had 7 spell levels left.
You didn't know any spells.
Your spell library was empty.

Dungeon Overview and Level Annotations

Branches:
Dungeon (5/15)            Ossuary (visited)
 Temple: D:4-7

Altars:

Shops:
D:1 (

Portals:
Abyss: D:3

Annotations:
D:3 2 transporters, shadowrider38's ghost, amateur DrAE
D:5 2 transporters, Menkaure; SkeletonJelly's ghost, novice DrMo


Innate Abilities, Weirdness & Mutations

You are too large for most types of armour.
You have claws for hands.
Your natural rate of healing is unusually fast.
You are covered in fur. (AC +1)
You have tough skin. (AC +1)


Message History

No target in view!
No target in view!
No target in view!
No target in view!
No target in view!
No target in view!
Done exploring.
Done exploring.
Done exploring.
Done exploring.
Done exploring.
Done exploring.
Sorry, you can't auto-travel out of here.
You can't go down here!
There is an open door here.
There is an open door here.
There is an empty arch of ancient stone here.
There is a gate leading back out of this place here.
Welcome back to the Dungeon!
Level annotation: 2 transporters, Menkaure; SkeletonJelly's ghost, novice DrMo
There is a collapsed entrance here.
There is an open door here.
Found 20 arrows.
Things that are here:
a +0 scale mail; a +0 hand axe; an orc skeleton Menkaure is nearby!
Things that are here:
a +0 leather armour; a +0 hand axe; an orc skeleton Menkaure calls on the powers of darkness!
Your body is wracked with pain!
You claw Menkaure!
Menkaure is heavily damaged.
You scratch Menkaure but do no damage.
Menkaure is heavily damaged.
Menkaure hits you!!
* * * LOW HITPOINT WARNING * * *
You barely miss Menkaure.
Menkaure is heavily damaged.
Menkaure hits you!!
You die...

#.....#.. #........
####.)......
###...........
######.............
##..................
#...................
######...?..............<
#...<.)M@[.รท..[..........
##......#[...............
#####.[(................
#.##................
#.#.................
...................#
.....................
....................<
#.........##..........


You could see Menkaure.

Vanquished Creatures
  A sky beast (D:4)
  A hornet zombie (D:4)
  An ogre (D:4)
  A phantom (D:5)
  4 orc priests
  2 human zombies (Ossuary)
  2 hounds (D:5)
  4 orc wizards
  An iguana (D:4)
  Terence (D:2)
  A killer bee zombie (D:5)
  A howler monkey zombie (D:4)
  5 mummies (Ossuary)
  5 adders
  An adder skeleton (D:2)
  3 worms (D:2)
  2 dart slugs
  15 orcs
  9 ball pythons
  5 bats
  16 endoplasms
  5 giant cockroaches
  A gnoll zombie (Ossuary)
  7 goblins
  5 hobgoblins
  4 jackals (D:3)
  3 kobolds
  3 quokkas
  3 frilled lizards
  3 hobgoblin zombies (Ossuary)
  A jackal skeleton (D:4)
  A kobold zombie (Ossuary)
  An orc zombie (Ossuary)
  5 rats
123 creatures vanquished.

Notes
Turn   | Place    | Note
-------+----------+-------------------------------------------
     0 | D:1      | pkoi the Troll Fighter began the quest for the Orb.
     0 | D:1      | Reached XP level 1. HP: 22/22 MP: 0/0
    20 | D:1      | Found a faded altar of an unknown god.
   130 | D:1      | Reached XP level 2. HP: 29/29 MP: 1/1
   287 | D:1      | Reached skill level 3 in Unarmed Combat
   391 | D:1      | Found Jegiept's Weapon Shop.
   466 | D:1      | Reached XP level 3. HP: 36/36 MP: 2/2
   745 | D:2      | Reached skill level 4 in Unarmed Combat
   846 | D:2      | Reached XP level 4. HP: 44/44 MP: 3/3
  1421 | D:3      | Found a transporter.
  1428 | D:3      | Found a transporter.
  1550 | D:3      | Found a one-way gate to the infinite horrors of the Abyss.
  1550 | D:3      | Noticed shadowrider38's ghost (amateur DrAE)
  1550 | D:3      | Noticed a small abomination
  1630 | D:3      | Noticed a small abomination
  1661 | D:3      | Noticed Terence
  1670 | D:3      | Reached skill level 5 in Unarmed Combat
  1690 | D:2      | Killed Terence
  1691 | D:2      | Reached XP level 5. HP: 33/50 MP: 4/4
  2383 | D:4      | Reached skill level 6 in Unarmed Combat
  2448 | D:4      | Reached XP level 6. HP: 59/59 MP: 5/5
  2594 | D:4      | Noticed a sky beast
  2600 | D:4      | Killed a sky beast
  2743 | D:4      | Reached skill level 7 in Unarmed Combat
  3273 | D:4      | Reached XP level 7. HP: 66/66 MP: 6/6
  3291 | D:5      | Entered Level 5 of the Dungeon
  3291 | D:5      | Found a transporter.
  3295 | D:5      | Noticed SkeletonJelly's ghost (novice DrMo)
  3302 | D:4      | Reached skill level 8 in Unarmed Combat
  3401 | D:5      | Noticed Menkaure
  3518 | D:5      | Found a transporter.
  3531 | D:5      | Identified the ring "Zimennae" {Fly Int+3 Slay+2}
  3558 | D:5      | Found a sand-covered staircase.
  3562 | Ossuary  | Entered an ossuary
  3725 | Ossuary  | Reached XP level 8. HP: 75/75 MP: 7/7
  3781 | D:5      | Slain by Menkaure

Illustrated notes

Levels and vault maps discovered:
D:1:      nicolae_arrival_washed_ashore, layout_basic,
          ebering_ecumenical_altar_petrified, serial_shops, shop_fountains,
          st_stairs_3, minivault_4, chequers_serial_rivers_small_b
D:2:      layout_basic, minmay_bisected
D:3:      layout_basic, gammafunk_ghost_abyssal_escape, uniq_terence
D:4:      layout_layer_cave, minivault_26, minivault_25, minmay_statues_item,
          minmay_liquid_box
D:5:      layout_rooms, gammafunk_ghost_stat_death, enter_ossuary_5,
          uniq_crazy_yiuf_cottage, uniq_menkaure

Skill      XL: |  1  2  3  4  5  6  7 |
---------------+----------------------+-----
Unarmed Combat | 3 4 5 6 7 8 |  8.3
Fighting       | 3 |  3.2
Dodging        | 3 |  3.2
Shields        | 3 |  3.2

Action                   |  1- 3 |  4- 6 |  7- 9 || total
-------------------------+-------+-------+-------++-------
Melee: Unarmed           |    92 |   152 |   100 ||   344
  Use: Scroll            |       |     7 |     2 ||     9
       Potion            |       |     2 |       ||     2
Armor: Robe              |    28 |    49 |    23 ||   100
Dodge: Dodged            |    27 |    42 |    27 ||    96
Block: Kite shield       |    33 |    65 |    47 ||   145
